 Dungeon Crawl Stone Soup version 0.19-a0-559-ga3d69d0 (webtiles) character file.

2964 tyrsky the Grappler (level 9, -6/88 HPs)
             Began as a Troll Monk on June 8, 2016.
             Was a Believer of Cheibriados.
             Mangled by a five-headed hydra (7 damage)
             ... on level 8 of the Dungeon.
             The game lasted 00:19:43 (3106 turns).

tyrsky the Grappler (Troll Monk)                    Turns: 3106, Time: 00:19:43

Health: -6/88      AC:  6    Str: 28    XL:     9   Next: 52%
Magic:  0/10       EV: 12    Int: 12    God:    Cheibriados [**....]
Gold:   193        SH:  0    Dex: 20    Spells: 0 memorised, 8 levels left

rFire  . . .     SeeInvis .       - Unarmed
rCold  . . .     Gourm    +     q - +0 robe {MR+}
rNeg   . . .     Faith    .     (no shield)
rPois  .         Spirit   +     (helmet restricted)
rElec  .         Dismiss  .     h - +0 cloak
rCorr  .         Reflect  .     (gloves unavailable)
SustAt .         Harm     .     (boots unavailable)
MR     +....     Rnd*Rage +     l - amulet of guardian spirit
Stlth  ++........               c - ring of stealth
                                g - ring of flight

@: confused, very slow, somewhat resistant to hostile enchantments, unstealthy
A: unfitting armour, claws 3, hooves 1, berserk 1, fast metabolism 3, gourmand,
regeneration 2, shaggy fur 1, tough skin 2, MP-powered wands
a: Bend Time, Renounce Religion, Evoke Flight


You were on level 8 of the Dungeon.
You worshipped Cheibriados.
Cheibriados was pleased with you.
You were completely stuffed.

You visited 2 branches of the dungeon, and saw 9 of its levels.
You also visited: Ossuary.

You collected 193 gold pieces.

Inventory:

Armour
 a - a +0 robe
 h - a +0 cloak (worn)
 j - a +1 robe
 q - a +0 robe of magic resistance (worn)
Jewellery
 c - a ring of stealth (right claw)
 g - a ring of flight (left claw)
 l - an amulet of guardian spirit (around neck)
Scrolls
 d - a scroll of blinking
 e - a scroll of magic mapping
 f - 3 scrolls of enchant armour
 m - 2 scrolls of teleportation
 u - 2 scrolls of remove curse
Potions
 i - a potion of flight
 n - 2 potions of lignification
 o - a potion of cancellation
 p - 3 potions of ambrosia
 s - a potion of agility {unknown}
 v - a potion of berserk rage {unknown}
Comestibles
 b - a bread ration
 k - 8 chunks of flesh
 r - 6 slices of pizza
 t - 15 fruits


   Skills:
 * Level 5.1 Fighting
 + Level 4.0 Dodging
 - Level 1.1 Stealth
 + Level 11.5 Unarmed Combat
 + Level 2.7 Invocations


You had 8 spell levels left.
You didn't know any spells.

Dungeon Overview and Level Annotations

Branches:
Dungeon (8/15)             Temple (1/1) D:6
   Lair: D:8-11

Altars:
Cheibriados
Dithmenos
Elyvilon
Fedhas
Gozag
Hepliaklqana
Kikubaaqudgha
Nemelex Xobeh
Pakellas
Qazlal
Ru
Vehumet
Xom
Yredelemnul
Zin

Annotations:
D:6 p0werm0de's ghost, novice DsNe


Innate Abilities, Weirdness & Mutations

You are too large for most types of armour.
You have claws for hands.
Your metabolism is lightning-fast.
You like to eat raw meat.
You heal very quickly.
You are covered in fur. (AC +1)
You have very tough skin. (AC +2)
You have large cloven feet.
You tend to lose your temper in combat.
You expend magic power (3 MP) to strengthen your wands.


Message History

The five-headed hydra barely misses you.
The five-headed hydra bites you.
* * * LOW HITPOINT WARNING * * *
The five-headed hydra barely misses you. x2
The five-headed hydra bites you.
* * * LOW HITPOINT WARNING * * *
You bump into the stone wall.
The five-headed hydra barely misses you.
The five-headed hydra bites you!
* * * LOW HITPOINT WARNING * * *
The five-headed hydra bites you but does no damage.
The five-headed hydra bites you.
* * * LOW HITPOINT WARNING * * *
The five-headed hydra bites you!
* * * LOW HITPOINT WARNING * * *
The big kobold barely misses you.
You bump into the stone wall.
The five-headed hydra bites you!
* * * LOW HITPOINT WARNING * * *
The five-headed hydra bites you!
You die...

#..............# #
#.#######...###.#.
#.# ##.## #.#
#######.#### #.#
#.# #......#...#
#.# #.#
#.##########
#.#####.####
#.#PP≈P.+).#
#...........
#.#P≈)≈≈#KD#
#######.###.
#.#≈.P≈P##T#
#.###.
#)#.....#..#
#.....
#..≈....'..#
######
###..P..'..#
#≈....'..# ######
#.....#..# ......
########## ######


You could see a five-headed hydra and a big kobold.

Vanquished Creatures
  Prince Ribbit (D:7)
  Eustachio (D:4)
  2 yaks (D:8)
  Grum (D:8)
  2 hungry ghosts
  Menkaure (Ossuary)
  A water moccasin (D:7)
  Duvessa (D:7)
  A phantom (D:4)
  A sky beast (D:7)
  2 ogres (D:8)
  2 wolves (D:8)
  3 centaurs (D:7)
  3 big kobolds (D:8)
  Dowan (D:7)
  3 wights (D:8)
  2 orc priests
  2 centaur skeletons (D:8)
  A human zombie (D:5)
  A hound (D:8)
  Jessica (D:2)
  2 human skeletons (D:5)
  2 iguanas
  An orc wizard (D:7)
  Natasha (D:3)
  2 worker ants
  2 sheep (D:8)
  3 mummies (Ossuary)
  A gnoll (D:8)
  3 adders
  A shadow imp (D:6)
  4 worms
  A dart slug (D:3)
  2 giant geckos
  10 orcs
  2 giant cockroaches
  3 goblins
  3 hobgoblins
  4 jackals
  11 kobolds
  A quokka (D:2)
  2 bats
  6 giant newts
  3 gnoll skeletons (Ossuary)
  2 gnoll zombies (Ossuary)
  3 goblin skeletons (Ossuary)
  5 goblin zombies (Ossuary)
  A hobgoblin skeleton (Ossuary)
  3 kobold skeletons (Ossuary)
  3 kobold zombies (Ossuary)
  2 orc skeletons (Ossuary)
  3 orc zombies (Ossuary)
  A quokka skeleton (D:8)
  A quokka zombie (D:7)
  6 rats
  A rat skeleton (Ossuary)
134 creatures vanquished.

Vanquished Creatures (others)
  2 gnoll skeletons (Ossuary)
  2 gnoll zombies (Ossuary)
  A goblin skeleton (Ossuary)
  6 goblin zombies (Ossuary)
  A hobgoblin skeleton (Ossuary)
  2 hobgoblin zombies (Ossuary)
  A kobold skeleton (Ossuary)
  4 orc skeletons (Ossuary)
  An orc zombie (Ossuary)
  3 rat skeletons (Ossuary)
  A rat zombie (Ossuary)
24 creatures vanquished.

Grand Total: 158 creatures vanquished

Notes
Turn   | Place    | Note
--------------------------------------------------------------
     0 | D:1      | tyrsky the Troll Monk began the quest for the Orb.
     0 | D:1      | Reached XP level 1. HP: 22/22 MP: 0/0
   121 | D:2      | Reached XP level 2. HP: 29/29 MP: 1/1
   325 | D:2      | Reached skill level 5 in Unarmed Combat
   325 | D:2      | Reached XP level 3. HP: 31/36 MP: 2/2
   467 | D:2      | Noticed Jessica
   471 | D:2      | Killed Jessica
   506 | D:2      | Reached XP level 4. HP: 41/44 MP: 3/3
   708 | D:4      | Noticed Eustachio
   724 | D:3      | Noticed Natasha
   732 | D:3      | Killed Natasha
   742 | D:3      | Found a shadowy altar of Dithmenos.
   765 | D:3      | Reached skill level 6 in Unarmed Combat
  1037 | D:4      | Noticed a hungry ghost
  1046 | D:4      | Killed a hungry ghost
  1046 | D:4      | Reached skill level 7 in Unarmed Combat
  1046 | D:4      | Reached XP level 5. HP: 47/50 MP: 4/4
  1090 | D:4      | Killed Eustachio
  1090 | D:4      | Reached XP level 6. HP: 39/59 MP: 5/5
  1105 | D:4      | Reached skill level 8 in Unarmed Combat
  1279 | D:5      | Entered Level 5 of the Dungeon
  1293 | D:5      | Reached XP level 7. HP: 66/66 MP: 6/6
  1329 | D:5      | Found a sand-covered staircase.
  1339 | Ossuary  | Entered an ossuary
  1583 | Ossuary  | Noticed Menkaure
  1589 | Ossuary  | Killed Menkaure
  1589 | Ossuary  | Reached skill level 9 in Unarmed Combat
  1642 | D:5      | Found an ancient bone altar of Kikubaaqudgha.
  1799 | D:6      | Noticed p0werm0de's ghost (novice DsNe)
  2071 | D:7      | Noticed Dowan
  2074 | D:7      | Noticed Duvessa
  2082 | D:7      | Killed Duvessa
  2086 | D:7      | Killed Dowan
  2086 | D:7      | Reached skill level 10 in Unarmed Combat
  2114 | D:7      | Found a shadowy altar of Dithmenos.
  2159 | D:7      | Reached XP level 8. HP: 74/74 MP: 7/7
  2208 | D:7      | Gained mutation: You tend to lose your temper in combat. [mutagenic meat]
  2210 | D:7      | Gained mutation: You are dopey. (Int -2) [mutagenic meat]
  2211 | D:7      | Lost mutation: You are dopey. (Int -2) [mutagenic meat]
  2212 | D:7      | Gained mutation: You expend magic power (3 MP) to strengthen your wands. [mutagenic meat]
  2302 | D:7      | Noticed Prince Ribbit
  2311 | D:7      | Killed Prince Ribbit
  2311 | D:7      | Reached skill level 11 in Unarmed Combat
  2559 | D:6      | Found a glowing silver altar of Zin.
  2571 | D:6      | Found a staircase to the Ecumenical Temple.
  2580 | Temple   | Entered the Ecumenical Temple
  2628 | Temple   | Became a worshipper of Cheibriados the Contemplative
  2628 | Temple   | Reached * piety under Cheibriados
  2628 | Temple   | Reached ** piety under Cheibriados
  2703 | D:8      | Reached skill level 1 in Invocations
  2769 | D:8      | Noticed Grum
  2778 | D:8      | Killed Grum
  2778 | D:8      | Reached XP level 9. HP: 52/84 MP: 2/9
  2954 | D:8      | Gained mutation: You have large cloven feet. [potion of beneficial mutation]
  3045 | D:8      | Reached skill level 5 in Fighting
  3092 | D:8      | Noticed a two-headed hydra
  3105 | D:8      | HP: 1/88 [five-headed hydra (6)]
  3106 | D:8      | Mangled by a five-headed hydra

Vault maps used:
D:1:      co_arrival_square_in_a_square_in_a_square
D:2:      uniq_jessica
D:3:      grunt_temple_overflow_cloverleaf, nicolae_dithmenos_shadow_blocks,
          uniq_natasha
D:4:      first_bread, abandoned_shop, kennysheep_generic_room_10,
          uniq_eustachio
D:5:      lemuel_ice_spiral_2, old_standard_altar, kennysheep_okawaru_gauntlet,
          nicolae_ossuary_entry_catacombs, serial_shops, shop,
          lemuel_blue_sif_altar
D:6:      marbit_many_paths, kennysheep_little_box, minmay_temple_entry_mist
D:7:      nicolae_overflow_crystal_walls, uniq_duvessa, uniq_prince_ribbit1
D:8:      hangedman_ranch, uniq_grum
Temple:   eino_temple_water_12
Ossuary:  ossuary_due_pyramid

Skill      XL: |  1  2  3  4  5  6  7  8  9 |
---------------+----------------------------+-----
Unarmed Combat | 5 7 8 10 11 | 11.5
Fighting       | 4 5 |  5.1
Invocations    | 1 2 |  2.7
Dodging        | 3 4 |  4.0
Stealth        | |  1.1

Action                   |  1- 3 |  4- 6 |  7- 9 || total
-------------------------+-------+-------+-------++-------
Melee: Unarmed           |    45 |    65 |   244 ||   354
       Punch             |     1 |       |    16 ||    17
       Kick              |       |       |     9 ||     9
Throw: Throwing net      |       |     2 |     6 ||     8
Invok: Bend Time         |       |       |     3 ||     3
  Use: Scroll            |       |     8 |     7 ||    15
       Potion            |       |       |     5 ||     5
 Stab: Sleeping          |     2 |       |     5 ||     7
  Eat: Chunk             |       |     4 |    26 ||    30
       Bread ration      |       |     1 |     2 ||     3
Armor: Robe              |    12 |    25 |    69 ||   106
Dodge: Dodged            |    21 |    28 |   110 ||   159
